 Dungeon Crawl Stone Soup version 0.30.1-9-gdf580d7c3d (webtiles) character file.

Game seed: 8885917033998557947

67 CrazyMind the Chiller (level 4, -7/30 HPs)
             Began as a Barachi Ice Elementalist on Oct 7, 2023.
             Killed by divine providence
             ... invoked by an orc priest
              (12 damage)
             ... on level 3 of the Dungeon.
             The game lasted 00:07:28 (1838 turns).

CrazyMind the Chiller (Barachi Ice Elementalist)    Turns: 1838, Time: 00:07:29

Health: -7/30      AC:  3    Str: 10    XL:     4   Next: 16%
Magic:  8/8        EV: 12    Int: 17    God:
Gold:   80         SH:  0    Dex: 12    Spells: 1/8 levels left

rFire   . . .        h - +0 short sword
rCold   . . .        (no shield)
rNeg    . . .        a - +0 robe
rPois   .            p - +0 helmet
rElec   .            (no cloak)
rCorr   .            (no gloves)
SInv    .            (no boots)
Will    .....        (no amulet)
Stlth   ++           (no ring)
HPRegen 0.25/turn    (no ring)
MPRegen 0.11/turn

%: no passive effects
@: slow
A: amphibious, slowness 1, strong legs 1, +LOS
a: Hop


You were on level 3 of the Dungeon.
You visited 1 branch of the dungeon, and saw 3 of its levels.

You collected 80 gold pieces.

Inventory:

Hand Weapons
 h - a +0 short sword (weapon)
 k - a +0 falchion
Armour
 a - a +0 robe (worn)
 d - a +0 buckler
 g - a +0 leather armour
 p - a +0 helmet (worn)
Jewellery
 l - a ring of resist corrosion
Wands
 n - a wand of polymorph (4)
Scrolls
 c - a scroll of identify {unknown}
 e - a scroll of noise {unknown}
 i - a scroll of amnesia {unknown}
 j - a scroll of butterflies {unknown}
Potions
 b - a potion of magic
 f - a potion of brilliance {unknown}
 m - a potion of lignification {unknown}
 o - a potion of cancellation {unknown}


   Skills:
 + Level 2.5 Dodging
 + Level 1.9 Stealth
 + Level 2.8 Spellcasting
 * Level 6.1 Ice Magic


You had one spell level left.
You knew the following spells:

 Your Spells              Type           Power      Damage    Failure   Level
a - Freeze                Ice            92%        1d9       1%          1
b - Frozen Ramparts       Ice            46%        1d7       4%          3
c - Ozocubu's Armour      Ice            23%        N/A       4%          3

Your spell library contained the following spells:

 Spells                   Type           Power      Damage    Failure   Level
 Cigotuvi's Dreadful Rot  Necr/Pois/Air  4%         N/A       26%         2
 Summon Ice Beast         Ice/Summ       12%        N/A       45%         4
 Ignite Poison            Fire/Tmut/Pois 2%         N/A       47%         3
 Portal Projectile        Hex/Tloc       4%         N/A       47%         3
 Tukima's Dance           Hex            2%         N/A       47%         3
 Freezing Cloud           Conj/Ice/Air   4%         6-21      91%         5
 Blade Hands              Tmut           1%         N/A       99%         5


Dungeon Overview and Level Annotations

Branches:
Dungeon (3/15) Zot: 15929

Altars:

Annotations:
D:2 Sigmund


Innate Abilities, Weirdness & Mutations

You are amphibious.
You cover ground slowly.
You can hop short distances.
You have an extended range of vision and can be seen from far away.


Message History

Casting: Freeze (safe; 1% risk of failure)
Confirm with . or Enter, or press ? or * to list all spells.
Aiming: Freeze (safe; 1% risk of failure)
Press: ? - help, Shift-Dir - straight line, f/p - hobgoblin
Aim: a hobgoblin (severely wounded)
You freeze the hobgoblin!
You kill the hobgoblin!
You start resting.
Magic restored.
o - a red potion
Items here: ) [[ ††.
p - a +0 helmet You start putting on your armour.
You continue putting on your +0 helmet. x4
You finish putting on your +0 helmet.
Partly explored, can't reach some items and places.
(D) Dungeon
Where to? (Enter - D:1 @ (x,y), ? - help)
What level of the Dungeon? (default 1, ? - help)
There is a stone staircase leading down here.
You climb downwards.
Found 6 gold pieces.
There is a stone staircase leading up here.
You now have 80 gold pieces (gained 6).
An orc priest comes into view. It is wielding a +0 hand axe.
An orc wizard comes into view.
It is wielding a +0 dagger and wearing a +0 robe of cold resistance.
An orc and an orc priest come into view.
Found 13 gold pieces.
The orc wizard shouts!
The orc priest shouts!
You hear an angry hiss.
An adder comes into view.
The adder moves out of view.
The orc shouts!
The orc priest mumbles some strange prayers to Beogh against you.
Beogh smites you!
Ouch! That really hurt!
The orc priest calls down the wrath of Beogh upon you.
Pain shoots through your body!
* * * LOW HITPOINT WARNING * * *
The orc priest mumbles some strange prayers to Beogh against you.
Beogh smites you!
You die...

##### ...#
#####.#################
#.....................#
#.###.####.#####.####.#
#..# #@# #.# #.## #.#
#<# #. #.# #.# #. #.#
#.# #. #.# #.. # #. #o#
### #..#.# #.#
#......###.#######
#..o.....o.........


You could see an orc priest and an orc.

Vanquished Creatures
  Robin (D:2)
  3 adders (D:2)
  A bat (D:2)
  An endoplasm (D:2)
  3 goblins
  8 hobgoblins
  3 jackals (D:2)
  4 ball pythons
  4 frilled lizards
  A kobold (D:1)
  A rat (D:1)
30 creatures vanquished.

Notes
Turn   | Place    | Note
-------+----------+-------------------------------------------
     0 | D:1      | CrazyMind the Barachi Ice Elementalist began the quest for
                  | the Orb.
     0 | D:1      | Reached XP level 1. HP: 13/13 MP: 3/3
   131 | D:1      | Reached skill level 5 in Ice Magic
   322 | D:1      | Reached XP level 2. HP: 19/19 MP: 3/5
   887 | D:2      | Reached XP level 3. HP: 11/24 MP: 0/6
   891 | D:2      | Learned a level 3 spell: Frozen Ramparts
  1007 | D:2      | Noticed Robin
  1148 | D:2      | Noticed Sigmund
  1453 | D:2      | Reached skill level 6 in Ice Magic
  1617 | D:2      | Killed Robin
  1618 | D:2      | Reached XP level 4. HP: 30/30 MP: 3/8
  1622 | D:2      | Learned a level 3 spell: Ozocubu's Armour
  1838 | D:3      | Killed from afar by an orc priest

Illustrated notes

Levels and vault maps discovered:
D:1:      lightli_arrival_chessboard, layout_basic
D:2:      layout_basic, uniq_robin, uniq_sigmund
D:3:      layout_loops_ring, grunt_temple_overflow_open, grunt_gozag_statues,
          ebering_ecumenical_altar_mist

Skill      XL: |  1  2  3 |
---------------+----------+-----
Ice Magic      | 5 6 |  6.1
Dodging        | |  2.5
Stealth        | |  1.9
Spellcasting   | |  2.8

Action                     |  1- 3 |  4- 6 || total
---------------------------+-------+-------++-------
  Melee: Unarmed           |     2 |       ||     2
         Short sword       |     9 |       ||     9
   Cast: Freeze            |    46 |     2 ||    48
         Frozen Ramparts   |     1 |       ||     1
   Stab: Sleeping          |     3 |       ||     3
 Armour: Robe              |     5 |       ||     5
  Dodge: Dodged            |    23 |     1 ||    24
